 BcadrenCrawl: Boulder Brew version 0.05.31-22-geda828027a (webtiles) character file.

Game seed: 6741691339521306104, levelgen mode: deterministic

2367 BR41ND34D the Ducker (level 9, -3/64 HPs) Mummified Gnoll. Began on Oct 1, 2021. Slain by Snorg (22 damage) ... on level 5 of the Dungeon. The game lasted 00:37:53 (4082 turns).

BR41ND34D the Ducker (Gnoll Mummy)                  Turns: 4082, Time: 00:37:53

Health: -3/64      AC: 10    Str: 13    XL:     9 ^: 1266
Magic:  8/19       EV: 19    Int: 26    God:
Gold:   212        SH:  0    Dex:  9    Spells: 22/33 levels left

rFire    x . .     Vision   .   a - +1 dagger (elec)
rCold    + . .     Gourm    .   b - +0 dagger
rNeg     + + +     Faith    .   k - +0 ring mail
rCorr    . . .     Spirit   .   e - +0 helmet
rPois    ∞         Reflect  .   n - +2 cloak
rElec    .         Harm     +   (no gloves)
MR       .....                  (no boots)
Stlth    ++........             h - amulet of harm
HPRegen  0.31/turn              r - ring of evasion
MPRegen  0.29/turn              (no ring)

@: very slightly contaminated
A: distributed training, fangs, cold resistance 1, negative energy resistance 3,
torment resistance, unbreathing, heat vulnerability 1, in touch with death 1,
strong nose, ancient wisdom
a: no special abilities


You were on level 5 of the Dungeon.
You were not hungry.

You visited 2 branches of the dungeon, and saw 6 of its levels.

You collected 212 gold pieces.

Inventory:

Weapons
 a - a +1 dagger of electrocution (weapon)
 b - a +0 dagger (weapon)
Armour
 e - a +0 helmet (worn)
 k - a +0 ring mail (worn)
 n - a +2 cloak (worn)
Jewellery
 h - an amulet of harm (around neck)
 r - a ring of evasion (left hand)
Scrolls
 c - 2 scrolls of torment
 f - a scroll of blinking
 g - a scroll of vulnerability
 i - a scroll of acquirement
 l - a scroll of fear
 m - 2 scrolls of teleportation
 o - 2 scrolls of immolation


   Skills:
 + Level 3.5 Fighting
 + Level 5.8 Short Blades
 + Level 3.5 Long Blades
 + Level 3.5 Axes & Hammers
 + Level 3.5 Whips & Flails
 + Level 3.5 Polearms
 + Level 3.5 Maces & Staves
 + Level 3.5 Slings
 + Level 3.5 Bows
 + Level 3.5 Crossbows
   Level 0.0 Throwing
 + Level 3.5 Armour
 + Level 7.5 Dodging
 + Level 5.5 Stealth
 + Level 3.5 Shields
 + Level 3.5 Unarmed Combat
 + Level 7.3 Spellcasting
 + Level 3.5 Hexes
 + Level 3.5 Charms
 + Level 3.5 Summonings
 + Level 7.3 Necromancy
 + Level 3.5 Translocations
 + Level 3.5 Transmutations
 + Level 3.5 Fire Magic
 + Level 3.5 Ice Magic
 + Level 3.5 Air Magic
 + Level 3.5 Earth Magic
 + Level 3.5 Poison Magic
 + Level 5.6 Invocations
 + Level 4.2 Evocations


You had 22 spell levels left.
You knew the following spells:

 Your Spells              Type           Power        Failure   Level  Hunger
a - Pain                  Hex/Necr       25 (25)      1%          1    N/A
b - Vampiric Draining     Necr           63 (200)     1%          3    N/A
c - Animate Dead          Necr           N/A          4%          4    N/A
p - Pryten's Skeletal Up  Chrm/Necr      54 (200)     2%          3    N/A

Your spell library contained the following spells:

 Spells                   Type           Power        Failure   Level  Hunger
 Recall                   Summ/Tloc      N/A          6%          3    N/A
 Aura of Abjuration       Summ           27 (200)     50%         5    N/A
 Summon Forest            Summ/Erth      27 (200)     50%         5    N/A
 Summon Mana Viper        Summ/Pois      27 (100)     50%         5    N/A
 Shadow Creatures         Summ           N/A          97%         6    N/A
 Regeneration             Chrm/Necr      Unusable     N/A         3    N/A

Dungeon Overview and Level Annotations

Branches:
Dungeon (5/8)              Temple (1/1) D:4
   Lair: D:5

Altars:
Ashenzari
Cheibriados
Dithmenos
Fedhas Madash
Hepliaklqana
Nemelex Xobeh
Okawaru
Qazlal
Ru
Sif Muna
Trog
Uskayaw
Vehumet
Wu Jian
Xom
Yredelemnul
Zin
The Shining One

Shops:
D:3 =

Annotations:
D:5 Snorg


Innate Abilities, Weirdness & Mutations

Your experience applies equally to all skills.
You are immune to poison.
You have razor-sharp fangs.
You are cold resistant. (rC+)
You are immune to negative energy. (rN+++)
You are immune to unholy pain and torment.
You can survive without breathing.
You are vulnerable to heat. (rF-)
You are in touch with the powers of death.
Your uncanny sense of smell can sniff out nearby items.
You can memorise 50% more levels worth of spells.
You gain random stats at level up more slowly, but gain an extra +1 intelligence each time.


Message History

Snorg completely misses you (0). Snorg misses you (0).
Snorg claws you but does no damage.
Casting: Vampiric Draining (safe; 1% risk of failure)
Confirm with . or Enter, or press ? or * to list all spells.
Aiming: Vampiric Draining (safe; 1% risk of failure)
Press: ? - help, Shift-Dir - straight line, f/p - Snorg
Aim: Snorg (heavily wounded (39/89))
You feel a surge of power!
Snorg is severely wounded. (26/89) HP You feel life coursing into your body.
Snorg goes berserk!
Casting: Vampiric Draining (safe; 1% risk of failure)
Confirm with . or Enter, or press ? or * to list all spells.
Aiming: Vampiric Draining (safe; 1% risk of failure)
Press: ? - help, Shift-Dir - straight line, f/p - Snorg
Aim: Snorg (severely wounded (41/134), berserk, fast, unusually strong)
You feel a surge of power!
Snorg is severely wounded. (34/134) HP You feel life coursing into your body.
Snorg misses you (0). Snorg claws you (19)!!
You die...

+##### #########+##
......###.....>....#
...$T.'.#..........#
#.#..."......#
#.'...FT@....+
###...<......# ∆
#..........#
#..........#
############


You could see Snorg (berserk) and a bullfrog.

Vanquished Creatures
  An orc warrior (D:4)
  3 scorpions
  2 ice beasts (D:4)
  An ogre (D:4)
  4 big kobolds (D:2)
  6 bullfrogs
  A howler monkey (D:4)
  A hornet zombie (D:4)
  2 hounds
  2 jellies (D:2)
  2 iguanas
  4 orc wizards
  A worker ant (D:3)
  A water moccasin skeleton (D:3)
  A wyvern skeleton (D:5)
  4 giant cockroaches
  2 bullfrog skeletons
  3 adders
  4 gnolls (D:4)
  38 sewer rats (D:2)
  5 cinder newts (D:2)
  A worm (D:2)
  A howler monkey skeleton (D:3)
  3 oozes
  2 dart slugs (D:3)
  6 leopard geckos
  11 orcs
  2 adder skeletons (D:2)
  4 ball pythons
  4 goblins (D:1)
  6 hobgoblins (D:1)
  22 kobolds
  2 quokkas
  5 bats
  A bat skeleton (D:2)
  A jackal skeleton (D:3)
  A kobold skeleton (D:2)
  A quokka skeleton (D:2)
  3 rats (D:1)
  8 bushes (D:1)
  11 plants (D:1)
  9 withered plants (D:2)
192 creatures vanquished.

Vanquished Creatures (others)
  2 kobolds (D:2)
  3 bushes (D:1)
  3 slimeheads (D:2)
  66 withered plants (D:2)
74 creatures vanquished.

Grand Total: 266 creatures vanquished

Notes
Turn   | Place    | Note
-------+----------+-------------------------------------------
     0 | D:1      | BR41ND34D the Gnoll Mummy began the quest for the Orb.
     0 | D:1      | Reached XP level 1. HP: 13/13 MP: 6/6
    41 | D:1      | Identified the cursed ring "Paphom" {rElec rPois Dex+9,
                  | (Curse: Fragile)}
   153 | D:1      | Reached XP level 2. HP: 19/19 MP: 5/7
   347 | D:1      | Reached skill level 5 in Spellcasting
   605 | D:1      | Reached skill level 1 in Invocations
   605 | D:1      | Reached XP level 3. HP: 25/25 MP: 5/9
   807 | D:1      | Learned a level 3 spell: Vampiric Draining
   811 | D:1      | Learned a level 3 spell: Pryten's Skeletal Uprising
   882 | D:2      | Reached skill level 1 in Evocations
   885 | D:2      | Reached XP level 4. HP: 15/31 MP: 3/11
   961 | D:2      | Reached skill level 1 in Fighting
   961 | D:2      | Reached skill level 1 in Long Blades
   961 | D:2      | Reached skill level 1 in Axes & Hammers
   961 | D:2      | Reached skill level 1 in Whips & Flails
   961 | D:2      | Reached skill level 1 in Polearms
   961 | D:2      | Reached skill level 1 in Maces & Staves
   961 | D:2      | Reached skill level 1 in Slings
   961 | D:2      | Reached skill level 1 in Bows
   961 | D:2      | Reached skill level 1 in Crossbows
   961 | D:2      | Reached skill level 1 in Armour
   961 | D:2      | Reached skill level 1 in Shields
   961 | D:2      | Reached skill level 1 in Unarmed Combat
   961 | D:2      | Reached skill level 1 in Hexes
   961 | D:2      | Reached skill level 1 in Charms
   961 | D:2      | Reached skill level 1 in Summonings
   961 | D:2      | Reached skill level 1 in Translocations
   961 | D:2      | Reached skill level 1 in Transmutations
   961 | D:2      | Reached skill level 1 in Fire Magic
   961 | D:2      | Reached skill level 1 in Ice Magic
   961 | D:2      | Reached skill level 1 in Air Magic
   961 | D:2      | Reached skill level 1 in Earth Magic
   961 | D:2      | Reached skill level 1 in Poison Magic
   970 | D:2      | Reached XP level 5. HP: 37/37 MP: 2/12
  1211 | D:2      | Reached XP level 6. HP: 31/43 MP: 5/14
  1469 | D:2      | Reached XP level 7. HP: 44/49 MP: 5/15
  1502 | D:2      | Reached skill level 5 in Short Blades
  1561 | D:2      | Learned a level 4 spell: Animate Dead
  2136 | D:2      | Reached XP level 8. HP: 56/56 MP: 7/17
  2519 | D:3      | Found Xaggueci's Jewellery Emporium.
  2599 | D:3      | Reached skill level 5 in Stealth
  3214 | D:4      | Reached skill level 5 in Invocations
  3283 | D:4      | Reached XP level 9. HP: 31/63 MP: 9/19
  3428 | D:4      | Found a staircase to the Ecumenical Temple.
  3442 | Temple   | Entered the Ecumenical Temple
  3977 | D:4      | Identified a scroll of acquirement
  3977 | D:4      | Found a sparkling altar of Nemelex Xobeh.
  4050 | D:5      | Entered Level 5 of the Dungeon
  4064 | D:5      | Noticed Snorg
  4076 | D:5      | HP: 3/64 [Snorg (1)]
  4082 | D:5      | Slain by Snorg

Levels and vault maps discovered:
D:1:      noname_arrival_rooms_in_the_neighbourhood, layout_basic,
          lexackson_kobold_supper
D:2:      layout_sewer, sewer_frog_pond
D:3:      layout_basic, first_ration, serial_shops, nicolae_shop_stone,
          st_stairs_10
D:4:      layout_loops_ring, temple_pool_b, basic_altar
D:5:      layout_roguey, lair_entry_dummy, bcadren_nooodl_food_pyramid,
          uniq_snorg, uniq_maurice
Temple:   compressed_dpeg_circular_temple

Skill      XL: |  1  2  3  4  5  6  7  8  9 |
---------------+----------------------------+-----
Spellcasting   | 5 6 7 |  7.3
Invocations    | 1 2 3 5 |  5.6
Evocations     | 1 2 3 4 |  4.2
Fighting       | 1 2 3 |  3.5
Long Blades    | 1 2 3 |  3.5
Axes & Hammers | 1 2 3 |  3.5
Whips & Flails | 1 2 3 |  3.5
Polearms       | 1 2 3 |  3.5
Maces & Staves | 1 2 3 |  3.5
Slings         | 1 2 3 |  3.5
Bows           | 1 2 3 |  3.5
Crossbows      | 1 2 3 |  3.5
Armour         | 1 2 3 |  3.5
Shields        | 1 2 3 |  3.5
Unarmed Combat | 1 2 3 |  3.5
Hexes          | 1 2 3 |  3.5
Charms         | 1 2 3 |  3.5
Summonings     | 1 2 3 |  3.5
Translocations | 1 2 3 |  3.5
Transmutations | 1 2 3 |  3.5
Fire Magic     | 1 2 3 |  3.5
Ice Magic      | 1 2 3 |  3.5
Air Magic      | 1 2 3 |  3.5
Earth Magic    | 1 2 3 |  3.5
Poison Magic   | 1 2 3 |  3.5
Necromancy     | 6 7 |  7.3
Short Blades   | 5 |  5.8
Dodging        | 7 |  7.5
Stealth        | 5 |  5.5

Action                   |  1- 3 |  4- 6 |  7- 9 || total
-------------------------+-------+-------+-------++-------
Melee: Short sword       |   111 |    90 |   105 ||   306
       Unarmed           |     5 |       |       ||     5
       Dagger            |    82 |    81 |   144 ||   307
       Tailslap          |     7 |    10 |    19 ||    36
 Cast: Pain              |    27 |    44 |   160 ||   231
       Vampiric Draining |       |     7 |    18 ||    25
  Use: Scroll            |       |       |     1 ||     1
 Stab: Sleeping          |     3 |       |     6 ||     9
Armor: Leather armour    |    10 |    13 |     1 ||    24
       Ring mail         |       |       |    53 ||    53
Dodge: Dodged            |    46 |   109 |   132 ||   287
